 Dungeon Crawl Stone Soup version 0.30-b1-2-g02819fbbbe (webtiles) character file.

Game seed: 15432510322381646569

343 Ashen the Caller (level 6, -1/59 HPs)
             Began as an Ogre Summoner on Sept 1, 2023.
             Slain by Prince Ribbit (6 damage)
             ... on level 5 of the Dungeon.
             The game lasted 00:11:20 (3622 turns).

Ashen the Caller (Ogre Summoner)                    Turns: 3622, Time: 00:11:20

Health: -1/59      AC:  3    Str: 13    XL:     6   Next: 57%
Magic:  10/12      EV: 10    Int: 24    God:
Gold:   175        SH:  0    Dex:  9    Spells: 5/14 levels left

rFire   . . .        s - +0 whip
rCold   . . .        (no shield)
rNeg    . . .        a - +0 robe
rPois   .            (helmet restricted)
rElec   .            (no cloak)
rCorr   .            (gloves unavailable)
SInv    .            (boots unavailable)
Will    +....        (no amulet)
Stlth   +            k - +6 ring of intelligence
HPRegen 0.29/turn    o - ring of willpower
MPRegen 0.13/turn

%: no passive effects
@: no status effects
A: large, unfitting armour, tough skin 1
a: no special abilities


You were on level 5 of the Dungeon.
You visited 1 branch of the dungeon, and saw 5 of its levels.

You collected 175 gold pieces.

Inventory:

Hand Weapons
 s - a +0 whip (weapon)
Missiles
 r - a throwing net
Armour
 a - a +0 robe (worn)
Jewellery
 k - a +6 ring of intelligence (left hand)
 o - a ring of willpower (right hand)
 t - a ring of fire
Scrolls
 c - a scroll of enchant armour {unknown}
 d - a scroll of immolation {unknown}
 e - a scroll of enchant weapon {unknown}
 g - 2 scrolls of noise {unknown}
 i - 2 scrolls of identify
 m - a scroll of torment {unknown}
 n - a scroll of poison {unknown}
 p - a scroll of fog {unknown}
 u - a scroll of blinking {unknown}
Potions
 b - 3 potions of magic
 f - a potion of brilliance
 h - a potion of ambrosia
 j - a potion of haste
 l - a potion of might
 q - a potion of curing
 v - a potion of degeneration {unknown}


   Skills:
 + Level 2.9 Fighting
 + Level 1.8 Maces & Flails
 + Level 2.8 Dodging
 - Level 1.4 Stealth
 * Level 4.5 Spellcasting
 * Level 4.7 Summonings


You had 5 spell levels left.
You knew the following spells:

 Your Spells              Type           Power      Damage    Failure   Level
a - Summon Small Mammal   Summ           100%       N/A       1%          1
b - Call Imp              Summ           56%        N/A       1%          2
c - Call Canine Familiar  Summ           28%        N/A       3%          3
d - Summon Guardian Gole  Hex/Summ       16%        N/A       11%         3

Your spell library contained the following spells:

 Spells                   Type           Power      Damage    Failure   Level
 Magic Dart               Conj           20%        1d4       10%         1
 Searing Ray              Conj           10%        2d4       14%         2
 Dazzling Flash           Conj/Hex       10%        N/A       28%         3
 Inner Flame              Hex/Fire       5%         N/A       28%         3
 Ozocubu's Armour         Ice            5%         N/A       28%         3
 Vhi's Electric Charge    Tloc/Air       10%        N/A       28%         3
 Volatile Blastmotes      Fire/Tloc      10%        2d10      28%         3
 Summon Lightning Spire   Summ/Air       16%        N/A       34%         4
 Flame Wave               Conj/Fire      5%         2d5       67%         4
 Fulminant Prism          Conj/Hex       2%         3d5       67%         4
 Iskenderun's Mystic Bla  Conj/Tloc      5%         2d3       67%         4
 Sticky Flame             Conj/Fire      5%         2d3       67%         4
 Arcjolt                  Conj/Air       2%         1d12      95%         5
 Metabolic Englaciation   Hex/Ice        2%         N/A       95%         5
 Simulacrum               Ice/Necr       2%         N/A       100%        6
 Starburst                Conj/Fire      2%         6d3       100%        6
 Maxwell's Capacitive Co  Air            2%         ∞         100%        8


Dungeon Overview and Level Annotations

Branches:
Dungeon (5/15)
 Temple: D:4-7

Altars:
Cheibriados
Hepliaklqana

Annotations:
D:4 2 transporters, Killmatronix's ghost, amateur DgWn
D:5 Edmund; Prince Ribbit


Innate Abilities, Weirdness & Mutations

You are too large for most types of armour.
You have tough skin. (AC +1)


Message History

The hound bites your cerulean imp but does no damage.
Something hits your cerulean imp.
Prince Ribbit blinks!
Prince Ribbit blinks!
The orc attacks as you move away! The orc hits you with a +0 short sword.
Your cerulean imp hits Edmund but does no damage.
The orc attacks as you move away! The orc hits you with a +0 short sword.
Something closely misses your cerulean imp.
The orc wizard mumbles some strange words.
The orc wizard flickers and vanishes!
Prince Ribbit blinks!
Your cerulean imp disappears in a puff of smoke!
Prince Ribbit blinks!
Your hound bites Edmund but does no damage.
There is a stone staircase leading up here.
You hit something.
Your hound bites Edmund.
Something hits you. The orc closely misses you. Prince Ribbit hits you.
The hound barely misses you.
Prince Ribbit blinks!
Your hound barely misses Edmund.
The hound misses you. The hound barely misses you. Something hits you.
The hound bites you. Prince Ribbit hits you!
Your hound closely misses Edmund.
The hound pauses to sniff the ground.
The hound bites you but does no damage. Prince Ribbit hits you.
A magic dart appears from out of thin air!
The magic dart hits you! The hound bites you.
The hound attacks as you move away! The hound barely misses you.
Prince Ribbit misses you.
Prince Ribbit croaks regally.
Prince Ribbit barely misses you. Prince Ribbit attacks as you move away!
Prince Ribbit barely misses you. The hound attacks as you move away!
The hound bites you.
* * * LOW HITPOINT WARNING * * *
Edmund hits your hound with a +0 flail of draining!
The hound bites you but does no damage. Prince Ribbit attacks as you move away!
Prince Ribbit hits you!
* * * LOW HITPOINT WARNING * * *
Your hound barely misses something.
Prince Ribbit hits you.
You die...

#..$...........# .
#.##..........###
..###.....###..###.##
..<.......#w#.......##
........#####.........
........#w#_..<......#
..#..$..#####.....#...
##......#w#.....# ..
.....#..@F###h....## .
.........h..o@.....#
.............#........
.....####.........#>..
.8... #.........###.
.... #............ ..
#.............
#.............
##............


You could see 3 torpor snails, Edmund, Prince Ribbit, a hound, an orc and a
friendly hound (summoned).

Vanquished Creatures
  A dart slug (D:2)
  5 orcs
  3 bats
  4 endoplasms
  A giant cockroach (D:1)
  4 goblins
  3 hobgoblins
  A quokka (D:3)
  6 ball pythons
  2 frilled lizards (D:3)
  2 kobolds
  3 rats
35 creatures vanquished.

Vanquished Creatures (collateral kills)
  Menkaure (D:4)
  An iguana (D:4)
  3 orc wizards
  3 adders
  3 worms
  A dart slug (D:2)
  8 orcs
  2 bats
  3 endoplasms
  3 goblins
  2 hobgoblins (D:1)
  A quokka (D:3)
  A frilled lizard (D:2)
  4 kobolds
  2 rats (D:1)
38 creatures vanquished.

Grand Total: 73 creatures vanquished

Notes
Turn   | Place    | Note
-------+----------+-------------------------------------------
     0 | D:1      | Ashen the Ogre Summoner began the quest for the Orb.
     0 | D:1      | Reached XP level 1. HP: 16/16 MP: 3/3
   187 | D:1      | Reached XP level 2. HP: 16/26 MP: 1/5
   510 | D:1      | Reached skill level 1 in Fighting
   762 | D:1      | Found a faded altar of an unknown god.
   777 | D:1      | Reached XP level 3. HP: 31/33 MP: 4/7
  1327 | D:2      | Learned a level 2 spell: Call Imp
  1331 | D:2      | Learned a level 3 spell: Call Canine Familiar
  1538 | D:2      | Reached XP level 4. HP: 26/41 MP: 5/9
  2128 | D:3      | Learned a level 3 spell: Summon Guardian Golem
  2217 | D:3      | Reached skill level 1 in Maces & Flails
  2217 | D:3      | Reached XP level 5. HP: 34/49 MP: 5/10
  2997 | D:3      | Found a hazy altar of Hepliaklqana.
  3184 | D:4      | Noticed Killmatronix's ghost (amateur DgWn)
  3185 | D:4      | Found a transporter.
  3187 | D:4      | Noticed Menkaure
  3203 | D:4      | Killed Menkaure
  3204 | D:4      | Reached XP level 6. HP: 6/59 MP: 6/12
  3391 | D:4      | Found a transporter.
  3569 | D:4      | Noticed an orc warrior
  3586 | D:5      | Entered Level 5 of the Dungeon
  3586 | D:5      | Noticed a torpor snail
  3586 | D:5      | Noticed a torpor snail
  3586 | D:5      | Noticed a torpor snail
  3586 | D:5      | Noticed Edmund
  3586 | D:5      | Found a snail-covered altar of Cheibriados.
  3599 | D:5      | Noticed Prince Ribbit
  3622 | D:5      | Slain by Prince Ribbit

Illustrated notes

Levels and vault maps discovered:
D:1:      dpeg_arrival_round_b, layout_loops_cross,
          hellmonk_ecumenical_altar_leap_of_faith
D:2:      layout_rooms, chequers_serial_rivers_micro_d, kennysheep_potato
D:3:      layout_loops_ring, nicolae_hepliaklqana_hippocampus
D:4:      layout_loops_cross, kennysheep_orc_sif_temple, gammafunk_ghost_arena,
          guppyfry_early_orc_mine, uniq_menkaure
D:5:      layout_cave_pools, lemuel_crystal_altar, cheibriados_altar_2,
          serial_column_ruins, column_ruins_open_small, column_ruins_grid_1,
          column_ruins_grid_2, column_ruins_open_small, uniq_prince_ribbit1,
          uniq_edmund

Skill      XL: |  1  2  3  4  5 |
---------------+----------------+-----
Fighting       | 1 2 |  2.9
Spellcasting   | 3 4 |  4.5
Dodging        | 2 |  2.8
Summonings     | 4 |  4.7
Maces & Flails | 1 |  1.8
Stealth        | |  1.4

Action                     |  1- 3 |  4- 6 || total
---------------------------+-------+-------++-------
  Melee: Club              |   125 |    69 ||   194
         Unarmed           |     8 |       ||     8
         Whip              |       |    39 ||    39
         Punch             |       |     1 ||     1
   Cast: Summon Small Mamm |    33 |     2 ||    35
         Call Canine Famil |     2 |    15 ||    17
         Call Imp          |       |     3 ||     3
    Use: Scroll            |       |     5 ||     5
   Stab: Sleeping          |     2 |       ||     2
 Armour: Robe              |    58 |    55 ||   113
  Dodge: Dodged            |   118 |   109 ||   227
